Orlando Solar Bears vs Philadelphia Phantoms

Created - Monday, August 25, 2025 at 07:24

Goals
1 2 3 T
Orlando Solar Bears 4 2 0 6
Philadelphia Phantoms 1 1 2 4
Shots
1 2 3 T
Orlando Solar Bears 10 11 9 30
Philadelphia Phantoms 11 13 19 43

1st period

1. Orlando Solar Bears , Jesper Boqvist 6 (Alex Turcotte 21, TJ Brodie 5) at 6:06
2. Orlando Solar Bears , Jesper Boqvist 7 (Martin Pospisil 19) at 8:02 (SH)
3. Philadelphia Phantoms , Nikolai Kovalenko 9 (Ryan Johnson 3, Jacob Quillan 10) at 10:41
4. Orlando Solar Bears , Martin Pospisil 15 (Justin Danforth 21) at 10:51
5. Orlando Solar Bears , Justin Brazeau 12 (TJ Brodie 6) at 15:05

Penalties :
Isaak Phillips (OSB) for Hooking (Minor) at 6:42, Tyler Kleven (PHP) for Tripping (Minor) at 11:46

2nd period

6. Philadelphia Phantoms , Michael Callahan 2 (Tye Kartye 9, Adam Klapka 11) at 0:46
7. Orlando Solar Bears , Marat Khusnutdinov 12 (Nikita Grebenkin 8, TJ Brodie 7) at 3:39
8. Orlando Solar Bears , Adam Beckman 6 (Marat Khusnutdinov 14, Nikita Grebenkin 9) at 8:01

Penalties :
Noah Laba (PHP) for Fighting (Major) at 6:11, Martin Pospisil (OSB) for Fighting (Major) at 6:11, Samuel Johannesson (PHP) for Fighting (Major) at 9:08, Spencer Stastney (OSB) for Fighting (Major) at 9:08, Tye Kartye (PHP) for Fighting (Major) at 15:44, Conor Sheary (OSB) for Fighting (Major) at 15:44, Jacob Quillan (PHP) for Fighting (Major) at 18:03, Vincent Desharnais (OSB) for Fighting (Major) at 18:03

3rd period

9. Philadelphia Phantoms , Marc Gatcomb 7 (Samuel Johannesson 7, Nils Aman 8) at 2:10
10. Philadelphia Phantoms , Noel Gunler 5 (Samuel Johannesson 8, Alex Steeves 12) at 3:09

Penalties :
Noel Gunler (PHP) for Roughing (Minor) at 8:33, Adam Klapka (PHP) for Hooking (Minor) at 15:52

Goalie Stats

Daniel Vladar (OSB), 39 saves from 43 shots - (0.907), W, 14-1-1, 60:00 minutes
Cooper Black (PHP), 24 saves from 30 shots - (0.800), L, 6-5-1, 60:00 minutes

Players Stats for Orlando Solar Bears

Player Name              G  A  P  +/- PIM S  H  SB GA TA FO     MP     PP MP  PK MP  
------------------------------------------------------------------------------------
                         0  0  0   0  0   0  0  0  0  0  0/0     0:00   0:00   0:00 
Adam Beckman             1  0  1   1  0   1  3  0  1  0  0/0    15:00   0:04   0:00 
Alex Turcotte            0  1  1   0  0   2  0  0  1  0  0/2    18:52   2:48   0:00 
Amadeus Lombardi         0  0  0   0  0   0  0  0  0  0  0/0     4:27   0:04   0:00 
Conor Sheary             0  0  0   0  5   4  0  1  1  0  0/0    16:20   3:05   1:02 
Henry Thrun              0  0  0   0  0   2  1  4  0  1  0/0    20:19   3:00   1:14 
Isaak Phillips           0  0  0   1  2   1  1  1  0  1  0/0    14:53   0:00   0:00 
Jesper Boqvist           2  0  2   1  0   6  1  1  1  1  3/13   20:29   2:48   0:57 
Justin Brazeau           1  0  1   0  0   3  1  1  0  0  0/0    18:56   2:48   0:00 
Justin Danforth          0  1  1   0  0   2  2  0  3  1  20/35  23:11   3:05   1:02 
Justin Sourdif           0  0  0   0  0   0  0  0  0  0  0/0     6:11   0:00   0:00 
Marat Khusnutdinov       1  1  2   1  0   1  4  1  1  0  4/11   15:38   0:04   0:00 
Martin Pospisil          1  1  2   1  5   2  1  0  2  1  1/4    16:37   3:05   0:57 
Nikita Grebenkin         0  2  2   1  0   2  1  0  0  0  0/0    14:40   0:00   0:00 
Rodrigo Abols            0  0  0   0  0   0  0  1  0  0  2/4     7:02   0:00   0:00 
Spencer Stastney         0  0  0   0  5   1  2  2  0  2  0/0    17:21   3:00   1:14 
TJ Brodie                0  3  3   1  0   1  0  1  2  0  0/0    25:58   2:57   0:45 
Ty Nelson                0  0  0   0  0   2  0  0  0  2  0/0    18:59   0:00   0:00 
Vincent Desharnais       0  0  0   2  5   0  3  3  0  0  0/0    23:03   2:57   0:45 

Players Stats for Philadelphia Phantoms

Player Name              G  A  P  +/- PIM S  H  SB GA TA FO     MP     PP MP  PK MP  
------------------------------------------------------------------------------------
                         0  0  0   0  0   0  0  0  0  0  0/0     0:00   0:00   0:00 
Adam Klapka              0  1  1  -1  2   3  1  0  0  0  0/2    13:53   0:57   0:00 
Albert Johansson         0  0  0   0  0   2  2  1  1  0  0/0    25:10   0:58   3:12 
Alex Steeves             0  1  1   0  0   3  2  0  1  1  12/22  19:22   1:02   2:51 
Anton Johansson          0  0  0   0  0   0  0  3  0  2  0/0    13:54   0:58   1:18 
Jacob Quillan            0  1  1  -1  5   0  0  0  0  2  7/11   16:59   0:57   3:01 
Jaroslav Chmelar         0  0  0   0  0   3  2  1  1  0  0/0    13:21   0:00   0:00 
Kai Uchacz               0  0  0  -1  0   0  1  0  1  2  8/15   12:37   0:00   0:00 
Marc Gatcomb             1  0  1  -1  0   4  0  1  1  1  1/1    13:39   1:02   0:00 
Michael Callahan         1  0  1   0  0   2  1  0  1  1  0/0    20:57   0:00   2:45 
Michael Carcone          0  0  0   0  0   2  2  0  1  0  0/0    12:45   0:00   0:00 
Nikolai Kovalenko        1  0  1  -1  0   4  1  0  1  1  1/2    17:02   0:57   3:01 
Nils Aman                0  1  1  -1  0   3  1  1  0  0  1/2    15:34   1:02   0:11 
Noah Laba                0  0  0   0  5   4  2  0  0  0  8/12   11:18   0:00   0:00 
Noel Gunler              1  0  1   0  2   3  3  0  0  0  0/1    13:16   0:00   0:00 
Ryan Johnson             0  1  1   1  0   1  0  0  0  0  0/0    18:15   0:00   0:00 
Samuel Johannesson       0  2  2  -2  5   0  2  1  0  0  0/0    21:15   1:01   2:45 
Tye Kartye               0  1  1   0  5   5  2  0  1  0  1/1    14:12   0:00   2:50 
Tyler Kleven             0  0  0  -3  2   4  1  0  0  2  0/0    20:27   1:01   1:54 

3 Stars

1 - Jesper Boqvist (OSB)
2 - Marat Khusnutdinov (OSB)
3 - TJ Brodie (OSB)

Power Play

Orlando Solar Bears - 0 on 3 Attempt(s) - 0.00%
Philadelphia Phantoms - 0 on 1 Attempt(s) - 0.00%

Penalty Kill

Orlando Solar Bears - 1 on 1 Attempt(s) - 100.00% - Score 1 goal in Penalty Kill
Philadelphia Phantoms - 3 on 3 Attempt(s) - 100.00% - Score 0 goal in Penalty Kill

Team Stat

Orlando Solar Bears - Hits : 20 - Faceoff Wins : 30 - Blocked Shots : 16 - Penalty Minutes : 22
Philadelphia Phantoms - Hits : 23 - Faceoff Wins : 39 - Blocked Shots : 8 - Penalty Minutes : 26

Official

Referees : Kyle Rehman and Ghislain Hebert
Linesman : Jesse Marquis and Mitchell Hunt

Game Notes

0:46 of 2nd period - Philadelphia Phantoms goal is going for a video replay. After video review, Goal.
Noah Laba beats up Martin Pospisil at 6:11 of 2nd period
Samuel Johannesson and Spencer Stastney fight to a draw at 9:08 of 2nd period
Tye Kartye and Conor Sheary fight to a draw at 15:44 of 2nd period
Jacob Quillan and Vincent Desharnais fight to a draw at 18:03 of 2nd period
Anton Johansson is injured at 1:25 of 3rd period (Right Hand)

Orlando Solar Bears

5 vs 5 Forward 
   Center                   Left Wing                Right Wing               Time % Phy DF OF 
 1 Justin Danforth          Conor Sheary             Martin Pospisil          30     1   2  2  
 2 Jesper Boqvist           Alex Turcotte            Justin Brazeau           30     1   2  2  
 3 Marat Khusnutdinov       Adam Beckman             Nikita Grebenkin         25     1   2  2  
 4 Rodrigo Abols            Justin Danforth          Justin Sourdif           15     1   2  2  

5 vs 5 Defense 
   Defense                  Defense                                           Time % Phy DF OF 
 1 Vincent Desharnais       TJ Brodie                                         30     1   2  2  
 2 Henry Thrun              Spencer Stastney                                  30     1   2  2  
 3 Ty Nelson                Isaak Phillips                                    25     1   2  2  
 4 Vincent Desharnais       TJ Brodie                                         15     1   2  2  

PowerPlay Forward 
   Center                   Left Wing                Right Wing               Time % Phy DF OF 
 1 Justin Danforth          Conor Sheary             Martin Pospisil          50     1   2  2  
 2 Jesper Boqvist           Alex Turcotte            Justin Brazeau           50     1   2  2  

PowerPlay Defense
   Defense                  Defense                                           Time % Phy DF OF 
 1 Vincent Desharnais       TJ Brodie                                         50     1   2  2  
 2 Henry Thrun              Spencer Stastney                                  50     1   2  2  

Penalty Kill 4 Players Forward 
   Center                   Wing                     Time % Phy DF OF 
 1 Justin Danforth          Conor Sheary             50     1   2  2  
 2 Martin Pospisil          Jesper Boqvist           50     1   2  2  

Penalty Kill 4 Players Defense
   Defense                  Defense                  Time % Phy DF OF 
 1 Vincent Desharnais       TJ Brodie                50     1   2  2  
 2 Henry Thrun              Spencer Stastney         50     1   2  2  

Penalty Kill - 3 Players Forward 
   Forward                                           Time % Phy DF OF 
 1 Justin Danforth                                   50     1   2  2  
 2 Conor Sheary                                      50     1   2  2  

Penalty Kill - 3 Players Defense
   Defense                  Defense                  Time % Phy DF OF 
 1 Vincent Desharnais       TJ Brodie                50     1   2  2  
 2 Henry Thrun              Spencer Stastney         50     1   2  2  

4 vs 4 Forward 
   Center                   Wing                     Time % Phy DF OF 
 1 Justin Danforth          Conor Sheary             50     1   2  2  
 2 Martin Pospisil          Jesper Boqvist           50     1   2  2  

4 vs 4 Defense
   Defense                  Defense                  Time % Phy DF OF 
 1 Vincent Desharnais       TJ Brodie                50     1   2  2  
 2 Henry Thrun              Spencer Stastney         50     1   2  2  

Last Minutes Offensive
   Center                   Left Wing                Right Wing               Defense                  Defense                  
   Justin Danforth          Conor Sheary             Martin Pospisil          Vincent Desharnais       TJ Brodie                

Last Minutes Defensive
   Center                   Left Wing                Right Wing               Defense                  Defense                  
   Justin Danforth          Conor Sheary             Martin Pospisil          Vincent Desharnais       TJ Brodie                

Goaltenders
Starting : Daniel Vladar            
Backup : Domenic DiVincentiis     

Extra Forwards
Normal : Amadeus Lombardi, Marat Khusnutdinov, Rodrigo Abols - PP : Amadeus Lombardi, Marat Khusnutdinov - PK : Rodrigo Abols
Extra Defensemen
Normal : Ty Nelson, Isaak Phillips, Henry Thrun - PP : Ty Nelson - PK : Isaak Phillips, Henry Thrun
Penalty Shots
Justin Danforth, Conor Sheary, Martin Pospisil, Jesper Boqvist, Justin Brazeau

Scratches
Elliot Desnoyers (Healthy), Lukas Cormier (Healthy), Viktor Neuchev (Healthy), Alexis Gendron (Healthy), Carter Mazur (Healthy)
Topi Niemela (Healthy), Vadim Zherenko (Healthy), Erik Portillo (Healthy)

Philadelphia Phantoms

5 vs 5 Forward 
   Center                   Left Wing                Right Wing               Time % Phy DF OF 
 1 Alex Steeves             Jaroslav Chmelar         Noel Gunler              25     1   2  2  
 2 Jacob Quillan            Michael Carcone          Nikolai Kovalenko        25     1   2  2  
 3 Kai Uchacz               Marc Gatcomb             Nils Aman                25     1   2  2  
 4 Noah Laba                Tye Kartye               Adam Klapka              25     1   2  2  

5 vs 5 Defense 
   Defense                  Defense                                           Time % Phy DF OF 
 1 Samuel Johannesson       Tyler Kleven                                      35     1   2  2  
 2 Albert Johansson         Michael Callahan                                  35     1   2  2  
 3 Ryan Johnson             Anton Johansson                                   30     1   2  2  
 4 Samuel Johannesson       Tyler Kleven                                      0      1   2  2  

PowerPlay Forward 
   Center                   Left Wing                Right Wing               Time % Phy DF OF 
 1 Alex Steeves             Marc Gatcomb             Nils Aman                50     1   2  2  
 2 Jacob Quillan            Adam Klapka              Nikolai Kovalenko        50     1   2  2  

PowerPlay Defense
   Defense                  Defense                                           Time % Phy DF OF 
 1 Anton Johansson          Albert Johansson                                  50     1   2  2  
 2 Samuel Johannesson       Tyler Kleven                                      50     1   2  2  

Penalty Kill 4 Players Forward 
   Center                   Wing                     Time % Phy DF OF 
 1 Alex Steeves             Tye Kartye               50     1   2  2  
 2 Jacob Quillan            Nikolai Kovalenko        50     1   2  2  

Penalty Kill 4 Players Defense
   Defense                  Defense                  Time % Phy DF OF 
 1 Albert Johansson         Tyler Kleven             50     1   2  2  
 2 Michael Callahan         Samuel Johannesson       50     1   2  2  

Penalty Kill - 3 Players Forward 
   Forward                                           Time % Phy DF OF 
 1 Tye Kartye                                        50     1   2  2  
 2 Nikolai Kovalenko                                 50     1   2  2  

Penalty Kill - 3 Players Defense
   Defense                  Defense                  Time % Phy DF OF 
 1 Albert Johansson         Tyler Kleven             50     1   2  2  
 2 Michael Callahan         Samuel Johannesson       50     1   2  2  

4 vs 4 Forward 
   Center                   Wing                     Time % Phy DF OF 
 1 Alex Steeves             Jaroslav Chmelar         50     1   2  2  
 2 Jacob Quillan            Michael Carcone          50     1   2  2  

4 vs 4 Defense
   Defense                  Defense                  Time % Phy DF OF 
 1 Samuel Johannesson       Tyler Kleven             50     1   2  2  
 2 Albert Johansson         Michael Callahan         50     1   2  2  

Last Minutes Offensive
   Center                   Left Wing                Right Wing               Defense                  Defense                  
   Alex Steeves             Marc Gatcomb             Adam Klapka              Anton Johansson          Albert Johansson         

Last Minutes Defensive
   Center                   Left Wing                Right Wing               Defense                  Defense                  
   Alex Steeves             Jacob Quillan            Tye Kartye               Albert Johansson         Tyler Kleven             

Goaltenders
Starting : Cooper Black             
Backup : Colten Ellis             

Extra Forwards
Normal : Alex Steeves, Jacob Quillan, Tye Kartye - PP : Marc Gatcomb, Adam Klapka - PK : Tye Kartye
Extra Defensemen
Normal : Samuel Johannesson, Tyler Kleven, Albert Johansson - PP : Anton Johansson - PK : Anton Johansson, Samuel Johannesson
Penalty Shots
Alex Steeves, Jacob Quillan, Marc Gatcomb, Adam Klapka, Michael Carcone

Scratches
Chase Bradley (Healthy), James Malatesta (Healthy), Ryan Winterton (Healthy), Matt Rempe (Healthy), Sam Lipkin (Healthy)
Parker Bell (Healthy), Gavin Hayes (Healthy), Braeden Kressler (Healthy), Isaac Poulter (Healthy), Dennis Hildeby (Healthy)

% Time on Ice - Orlando Solar Bears

Lines # - Real PCT - Wanted PCT - Time Play
Normal Forward
1 - 26% - 30% - 13:29
2 - 34% - 30% - 17:44
3 - 28% - 25% - 14:40
4 - 12% - 15% - 6:11
Normal Defense
1 - 30% - 30% - 15:38
2 - 30% - 30% - 15:50
3 - 27% - 25% - 13:58
4 - 13% - 15% - 6:38
PP Forward
1 - 52% - 50% - 3:05
2 - 48% - 50% - 2:52
PP Defense
1 - 50% - 50% - 2:57
2 - 50% - 50% - 3:00
PK Forward
1 - 52% - 50% - 1:02
2 - 48% - 50% - 0:57
PK Defense
1 - 38% - 50% - 0:45
2 - 62% - 50% - 1:14
PK3 Forward
1 - 0% - 50%
2 - 0% - 50%
PK3 Defense
1 - 0% - 50%
2 - 0% - 50%
44 Forward
1 - 0% - 50%
2 - 0% - 50%
44 Defense
1 - 0% - 50%
2 - 0% - 50%
Last Minute Offensive  - 0:00
Last Minute Defensive  - 0:00
Total
Forward - 60:00
Defense - 60:00

% Time on Ice - Philadelphia Phantoms

Lines # - Real PCT - Wanted PCT - Time Play
Normal Forward
1 - 27% - 25% - 14:10
2 - 24% - 25% - 12:45
3 - 24% - 25% - 12:37
4 - 24% - 25% - 12:32
Normal Defense
1 - 32% - 35% - 16:27
2 - 35% - 35% - 18:22
3 - 33% - 30% - 17:02
4 - 0% - 0% - 0:13
PP Forward
1 - 52% - 50% - 1:02
2 - 48% - 50% - 0:57
PP Defense
1 - 49% - 50% - 0:58
2 - 51% - 50% - 1:01
PK Forward
1 - 49% - 50% - 2:56
2 - 51% - 50% - 3:01
PK Defense
1 - 54% - 50% - 3:12
2 - 46% - 50% - 2:45
PK3 Forward
1 - 0% - 50%
2 - 0% - 50%
PK3 Defense
1 - 0% - 50%
2 - 0% - 50%
44 Forward
1 - 0% - 50%
2 - 0% - 50%
44 Defense
1 - 0% - 50%
2 - 0% - 50%
Last Minute Offensive  - 0:00
Last Minute Defensive  - 0:00
Total
Forward - 60:00
Defense - 60:00

Play-by-Play

1st period


0:01 of 1st period - Justin Danforth wins face-off versus Alex Steeves in neutral zone.
0:35 of 1st period - Slapshot by Nikolai Kovalenko.
0:35 of 1st period - Stopped by Daniel Vladar without a rebound.
0:36 of 1st period - Kai Uchacz wins face-off versus Marat Khusnutdinov in Orlando Solar Bears zone.
0:54 of 1st period - Kai Uchacz is hit by Marat Khusnutdinov and loses puck.
1:30 of 1st period - Snap shot by Alex Steeves.
1:30 of 1st period - Shot Misses the Net.
1:32 of 1st period - Slapshot by Ryan Johnson.
1:32 of 1st period - Stopped by Daniel Vladar with a rebound.
1:34 of 1st period - Wrist shot by Alex Steeves.
1:34 of 1st period - Shot Misses the Net.
1:36 of 1st period - Snap shot by Jaroslav Chmelar.
1:36 of 1st period - Shot Misses the Net.
1:38 of 1st period - Snap shot by Alex Steeves.
1:38 of 1st period - Stopped by Daniel Vladar with a rebound.
1:40 of 1st period - Slapshot by Noel Gunler.
1:40 of 1st period - Shot Misses the Net.
1:42 of 1st period - Wrist shot by Noel Gunler.
1:42 of 1st period - Shot Blocked by Rodrigo Abols.
2:47 of 1st period - Adam Beckman is hit by Jaroslav Chmelar and loses puck.
4:01 of 1st period - Slapshot by Michael Callahan.
4:01 of 1st period - Deflect By Amadeus Lombardi.
4:01 of 1st period - Stopped by Daniel Vladar with a rebound.
4:50 of 1st period - Marc Gatcomb is hit by Adam Beckman and loses puck.
5:24 of 1st period - Henry Thrun is hit by Albert Johansson and loses puck.
5:32 of 1st period - Icing by Spencer Stastney.
5:33 of 1st period - Justin Danforth wins face-off versus Adam Klapka in Orlando Solar Bears zone.
5:38 of 1st period - Spencer Stastney is hit by Tye Kartye and loses puck.
5:45 of 1st period - Snap shot by Tye Kartye.
5:45 of 1st period - Shot Misses the Net.
5:57 of 1st period - Snap shot by Conor Sheary.
5:57 of 1st period - Stopped by Cooper Black without a rebound.
5:58 of 1st period - Nils Aman wins face-off versus Jesper Boqvist in Philadelphia Phantoms zone.
6:06 of 1st period - Snap shot by Jesper Boqvist.
6:06 of 1st period - Goal by Jesper Boqvist - Orlando Solar Bears : 1 - Philadelphia Phantoms : 0.
6:07 of 1st period - Alex Steeves wins face-off versus Jesper Boqvist in neutral zone.
6:42 of 1st period - Minor Penalty to Isaak Phillips for Hooking.
6:43 of 1st period - Justin Danforth wins face-off versus Alex Steeves in Orlando Solar Bears zone.
7:36 of 1st period - Icing by Anton Johansson.
7:37 of 1st period - Justin Danforth wins face-off versus Alex Steeves in Philadelphia Phantoms zone.
7:38 of 1st period - Snap shot by Conor Sheary.
7:38 of 1st period - Stopped by Cooper Black with a rebound.
8:00 of 1st period - Wrist shot by Martin Pospisil.
8:00 of 1st period - Deflect By Jesper Boqvist.
8:00 of 1st period - Stopped by Cooper Black without a rebound.
8:01 of 1st period - Martin Pospisil wins face-off versus Jacob Quillan in Philadelphia Phantoms zone.
8:02 of 1st period - Snap shot by Jesper Boqvist.
8:02 of 1st period - Goal by Jesper Boqvist - Orlando Solar Bears : 2 - Philadelphia Phantoms : 0.
8:03 of 1st period - Jacob Quillan wins face-off versus Martin Pospisil in neutral zone.
8:18 of 1st period - Henry Thrun is hit by Nikolai Kovalenko and loses puck.
8:34 of 1st period - Wrist shot by Nils Aman.
8:34 of 1st period - Stopped by Daniel Vladar with a rebound.
8:42 of 1st period - Penalty to Isaak Phillips is over, Isaak Phillips is back on ice.
8:50 of 1st period - Snap shot by Alex Steeves.
8:50 of 1st period - Shot Blocked by Henry Thrun.
8:52 of 1st period - Slapshot by Tyler Kleven.
8:52 of 1st period - Stopped by Daniel Vladar with a rebound.
9:10 of 1st period - Isaak Phillips is hit by Noah Laba and loses puck.
9:24 of 1st period - Icing by Ryan Johnson.
9:25 of 1st period - Marat Khusnutdinov wins face-off versus Nikolai Kovalenko in Philadelphia Phantoms zone.
10:00 of 1st period - Wrist shot by Michael Carcone.
10:00 of 1st period - Shot Misses the Net.
10:24 of 1st period - Snap shot by Michael Carcone.
10:24 of 1st period - Stopped by Daniel Vladar with a rebound.
10:37 of 1st period - Wrist shot by Jacob Quillan.
10:37 of 1st period - Shot Blocked by Vincent Desharnais.
10:39 of 1st period - Snap shot by Ryan Johnson.
10:39 of 1st period - Shot Blocked by Vincent Desharnais.
10:41 of 1st period - Snap shot by Nikolai Kovalenko.
10:41 of 1st period - Goal by Nikolai Kovalenko - Orlando Solar Bears : 2 - Philadelphia Phantoms : 1.
10:42 of 1st period - Justin Danforth wins face-off versus Kai Uchacz in neutral zone.
10:51 of 1st period - Wrist shot by Martin Pospisil.
10:51 of 1st period - Goal by Martin Pospisil - Orlando Solar Bears : 3 - Philadelphia Phantoms : 1.
10:52 of 1st period - Justin Danforth wins face-off versus Kai Uchacz in neutral zone.
11:02 of 1st period - Snap shot by Justin Danforth.
11:02 of 1st period - Shot Blocked by Samuel Johannesson.
11:04 of 1st period - Snap shot by Justin Danforth.
11:04 of 1st period - Stopped by Cooper Black without a rebound.
11:05 of 1st period - Justin Danforth wins face-off versus Noel Gunler in Philadelphia Phantoms zone.
11:16 of 1st period - Snap shot by Alex Steeves.
11:16 of 1st period - Shot Blocked by TJ Brodie.
11:46 of 1st period - Minor Penalty to Tyler Kleven for Tripping.
11:47 of 1st period - Alex Steeves wins face-off versus Justin Danforth in Philadelphia Phantoms zone.
11:47 of 1st period - Alex Steeves is hit by Spencer Stastney.
12:05 of 1st period - Wrist shot by Tye Kartye.
12:05 of 1st period - Deflect By Alex Steeves.
12:05 of 1st period - Stopped by Daniel Vladar with a rebound.
12:36 of 1st period - Icing by Jesper Boqvist.
12:37 of 1st period - Justin Danforth wins face-off versus Alex Steeves in Orlando Solar Bears zone.
13:02 of 1st period - Slapshot by Tye Kartye.
13:02 of 1st period - Deflect By Alex Steeves.
13:02 of 1st period - Shot Blocked by Jesper Boqvist.
13:02 of 1st period - Puck is out of play.
13:03 of 1st period - Jesper Boqvist wins face-off versus Alex Steeves in Orlando Solar Bears zone.
13:46 of 1st period - Penalty to Tyler Kleven is over, Tyler Kleven is back on ice.
13:57 of 1st period - Icing by Nils Aman.
13:58 of 1st period - Marat Khusnutdinov wins face-off versus Kai Uchacz in Philadelphia Phantoms zone.
14:29 of 1st period - Snap shot by Adam Klapka.
14:29 of 1st period - Deflect By Noah Laba.
14:29 of 1st period - Stopped by Daniel Vladar without a rebound.
14:30 of 1st period - Noah Laba wins face-off versus Alex Turcotte in Orlando Solar Bears zone.
14:33 of 1st period - Snap shot by Tye Kartye.
14:33 of 1st period - Shot Misses the Net.
14:39 of 1st period - Slapshot by Adam Klapka.
14:39 of 1st period - Stopped by Daniel Vladar without a rebound.
14:40 of 1st period - Jesper Boqvist wins face-off versus Alex Steeves in Orlando Solar Bears zone.
15:05 of 1st period - Snap shot by Justin Brazeau.
15:05 of 1st period - Goal by Justin Brazeau - Orlando Solar Bears : 4 - Philadelphia Phantoms : 1.
15:06 of 1st period - Justin Danforth wins face-off versus Noah Laba in neutral zone.
15:09 of 1st period - Adam Klapka is hit by Justin Danforth and loses puck.
16:00 of 1st period - Wrist shot by Jesper Boqvist.
16:00 of 1st period - Shot Misses the Net.
16:19 of 1st period - Jesper Boqvist is hit by Noel Gunler and loses puck.
16:57 of 1st period - Snap shot by Justin Brazeau.
16:57 of 1st period - Shot Misses the Net.
16:59 of 1st period - Snap shot by Justin Brazeau.
16:59 of 1st period - Shot Blocked by Jaroslav Chmelar.
17:01 of 1st period - Slapshot by Justin Brazeau.
17:01 of 1st period - Shot Misses the Net.
17:03 of 1st period - Snap shot by Jesper Boqvist.
17:03 of 1st period - Shot Misses the Net.
17:05 of 1st period - Wrist shot by Jesper Boqvist.
17:05 of 1st period - Stopped by Cooper Black with a rebound.
17:07 of 1st period - Slapshot by Ty Nelson.
17:07 of 1st period - Stopped by Cooper Black with a rebound.
17:23 of 1st period - Slapshot by Alex Steeves.
17:23 of 1st period - Shot Misses the Net.
18:16 of 1st period - Icing by Alex Steeves.
18:17 of 1st period - Justin Danforth wins face-off versus Alex Steeves in Philadelphia Phantoms zone.
18:42 of 1st period - Noel Gunler is hit by Spencer Stastney and loses puck.
18:49 of 1st period - Wrist shot by Alex Steeves.
18:49 of 1st period - Shot Blocked by Spencer Stastney.
Goals for this period are 4 for Orlando Solar Bears vs 1 for Philadelphia Phantoms.
Shots for this period are 10 for Orlando Solar Bears vs 11 for Philadelphia Phantoms.

2nd period


0:01 of 2nd period - Justin Danforth wins face-off versus Noah Laba in neutral zone.
0:32 of 2nd period - Snap shot by Adam Klapka.
0:32 of 2nd period - Shot Misses the Net.
0:34 of 2nd period - Slapshot by Michael Callahan.
0:34 of 2nd period - Shot Misses the Net.
0:36 of 2nd period - Slapshot by Albert Johansson.
0:36 of 2nd period - Shot Misses the Net.
0:38 of 2nd period - Wrist shot by Noah Laba.
0:38 of 2nd period - Shot Misses the Net.
0:40 of 2nd period - Wrist shot by Adam Klapka.
0:40 of 2nd period - Shot Blocked by Henry Thrun.
0:42 of 2nd period - Snap shot by Tye Kartye.
0:42 of 2nd period - Stopped by Daniel Vladar with a rebound.
0:44 of 2nd period - Wrist shot by Tye Kartye.
0:44 of 2nd period - Stopped by Daniel Vladar with a rebound.
0:46 of 2nd period - Slapshot by Michael Callahan.
0:46 of 2nd period - Philadelphia Phantoms goal is going for a video replay.
0:46 of 2nd period - The goal is good.
0:46 of 2nd period - Goal by Michael Callahan - Orlando Solar Bears : 4 - Philadelphia Phantoms : 2.
0:47 of 2nd period - Jacob Quillan wins face-off versus Justin Danforth in neutral zone.
1:37 of 2nd period - Snap shot by Tye Kartye.
1:37 of 2nd period - Shot Misses the Net.
1:39 of 2nd period - Slapshot by Tyler Kleven.
1:39 of 2nd period - Stopped by Daniel Vladar with a rebound.
1:43 of 2nd period - Wrist shot by Tye Kartye.
1:43 of 2nd period - Deflect By Adam Klapka.
1:43 of 2nd period - Shot Misses the Net.
1:43 of 2nd period - Puck is out of play.
1:44 of 2nd period - Jacob Quillan wins face-off versus Justin Danforth in Orlando Solar Bears zone.
3:17 of 2nd period - Slapshot by Nikolai Kovalenko.
3:17 of 2nd period - Stopped by Daniel Vladar without a rebound.
3:18 of 2nd period - Nikolai Kovalenko wins face-off versus Justin Danforth in Orlando Solar Bears zone.
3:37 of 2nd period - Wrist shot by Nikita Grebenkin.
3:37 of 2nd period - Shot Misses the Net.
3:39 of 2nd period - Wrist shot by Marat Khusnutdinov.
3:39 of 2nd period - Goal by Marat Khusnutdinov - Orlando Solar Bears : 5 - Philadelphia Phantoms : 2.
3:40 of 2nd period - Justin Danforth wins face-off versus Kai Uchacz in neutral zone.
4:06 of 2nd period - Nikita Grebenkin is hit by Tye Kartye and loses puck.
4:15 of 2nd period - Noah Laba is hit by Adam Beckman.
4:40 of 2nd period - Icing by Samuel Johannesson.
4:41 of 2nd period - Jacob Quillan wins face-off versus Jesper Boqvist in Philadelphia Phantoms zone.
4:41 of 2nd period - Jacob Quillan is hit by Justin Brazeau.
5:06 of 2nd period - Wrist shot by Marc Gatcomb.
5:06 of 2nd period - Stopped by Daniel Vladar without a rebound.
5:07 of 2nd period - Marat Khusnutdinov wins face-off versus Adam Klapka in Orlando Solar Bears zone.
5:32 of 2nd period - Kai Uchacz is hit by Vincent Desharnais.
5:42 of 2nd period - Snap shot by Justin Danforth.
5:42 of 2nd period - Shot Misses the Net.
6:02 of 2nd period - Snap shot by Alex Turcotte.
6:02 of 2nd period - Stopped by Cooper Black without a rebound.
6:03 of 2nd period - Noah Laba wins face-off versus Martin Pospisil in Philadelphia Phantoms zone.
6:11 of 2nd period - Noah Laba beats up Martin Pospisil.
6:11 of 2nd period - Penalty to Noah Laba for Fighting.
6:11 of 2nd period - Penalty to Martin Pospisil for Fighting.
6:12 of 2nd period - Kai Uchacz wins face-off versus Rodrigo Abols in Orlando Solar Bears zone.
6:37 of 2nd period - Jacob Quillan is hit by Vincent Desharnais and loses puck.
7:02 of 2nd period - Snap shot by Justin Brazeau.
7:02 of 2nd period - Shot Misses the Net.
7:20 of 2nd period - Wrist shot by Conor Sheary.
7:20 of 2nd period - Shot Blocked by Nils Aman.
7:24 of 2nd period - Wrist shot by Justin Danforth.
7:24 of 2nd period - Stopped by Cooper Black with a rebound.
7:26 of 2nd period - Slapshot by Vincent Desharnais.
7:26 of 2nd period - Shot Misses the Net.
7:28 of 2nd period - Slapshot by TJ Brodie.
7:28 of 2nd period - Stopped by Cooper Black with a rebound.
7:41 of 2nd period - Wrist shot by Alex Steeves.
7:41 of 2nd period - Stopped by Daniel Vladar without a rebound.
7:42 of 2nd period - Alex Steeves wins face-off versus Marat Khusnutdinov in Orlando Solar Bears zone.
7:43 of 2nd period - Snap shot by Noel Gunler.
7:43 of 2nd period - Shot Hit the Post.
7:49 of 2nd period - Slapshot by Alex Steeves.
7:49 of 2nd period - Shot Misses the Net.
7:57 of 2nd period - Snap shot by Marat Khusnutdinov.
7:57 of 2nd period - Shot Blocked by Anton Johansson.
8:01 of 2nd period - Slapshot by Adam Beckman.
8:01 of 2nd period - Goal by Adam Beckman - Orlando Solar Bears : 6 - Philadelphia Phantoms : 2.
8:02 of 2nd period - Justin Danforth wins face-off versus Jacob Quillan in neutral zone.
8:30 of 2nd period - Anton Johansson is hit by Marat Khusnutdinov and loses puck.
9:08 of 2nd period - Samuel Johannesson and Spencer Stastney fight to a draw.
9:08 of 2nd period - Penalty to Samuel Johannesson for Fighting.
9:08 of 2nd period - Penalty to Spencer Stastney for Fighting.
9:09 of 2nd period - Justin Danforth wins face-off versus Jacob Quillan in neutral zone.
9:14 of 2nd period - Wrist shot by Conor Sheary.
9:14 of 2nd period - Stopped by Cooper Black with a rebound.
9:16 of 2nd period - Wrist shot by Henry Thrun.
9:16 of 2nd period - Stopped by Cooper Black without a rebound.
9:17 of 2nd period - Jacob Quillan wins face-off versus Justin Danforth in Philadelphia Phantoms zone.
11:01 of 2nd period - Wrist shot by Michael Carcone.
11:01 of 2nd period - Shot Misses the Net.
11:03 of 2nd period - Slapshot by Albert Johansson.
11:03 of 2nd period - Stopped by Daniel Vladar without a rebound.
11:04 of 2nd period - Jacob Quillan wins face-off versus Marat Khusnutdinov in Orlando Solar Bears zone.
11:11 of 2nd period - Marat Khusnutdinov is hit by Michael Carcone and loses puck.
11:25 of 2nd period - Ryan Johnson is hit by Marat Khusnutdinov and loses puck.
11:30 of 2nd period - Snap shot by Marat Khusnutdinov.
11:30 of 2nd period - Shot Blocked by Anton Johansson.
11:32 of 2nd period - Slapshot by Marat Khusnutdinov.
11:32 of 2nd period - Shot Misses the Net.
12:19 of 2nd period - Michael Callahan is hit by Nikita Grebenkin and loses puck.
12:48 of 2nd period - Marat Khusnutdinov is hit by Michael Carcone and loses puck.
13:26 of 2nd period - Snap shot by Adam Beckman.
13:26 of 2nd period - Shot Misses the Net.
13:28 of 2nd period - Slapshot by Adam Beckman.
13:28 of 2nd period - Deflect By Nikita Grebenkin.
13:28 of 2nd period - Stopped by Cooper Black without a rebound.
13:29 of 2nd period - Justin Danforth wins face-off versus Nils Aman in Philadelphia Phantoms zone.
13:34 of 2nd period - Wrist shot by Martin Pospisil.
13:34 of 2nd period - Stopped by Cooper Black without a rebound.
13:35 of 2nd period - Kai Uchacz wins face-off versus Justin Danforth in Philadelphia Phantoms zone.
13:42 of 2nd period - Snap shot by Nils Aman.
13:42 of 2nd period - Stopped by Daniel Vladar with a rebound.
13:44 of 2nd period - Wrist shot by Kai Uchacz.
13:44 of 2nd period - Shot Misses the Net.
14:02 of 2nd period - Isaak Phillips is hit by Tyler Kleven and loses puck.
15:17 of 2nd period - Ryan Johnson is hit by Henry Thrun and loses puck.
15:23 of 2nd period - Off-side.
15:24 of 2nd period - Kai Uchacz wins face-off versus Jesper Boqvist in neutral zone.
15:33 of 2nd period - Snap shot by Marc Gatcomb.
15:33 of 2nd period - Stopped by Daniel Vladar with a rebound.
15:35 of 2nd period - Slapshot by Nils Aman.
15:35 of 2nd period - Stopped by Daniel Vladar with a rebound.
15:37 of 2nd period - Slapshot by Samuel Johannesson.
15:37 of 2nd period - Deflect By Nils Aman.
15:37 of 2nd period - Shot Misses the Net.
15:37 of 2nd period - Puck is out of play.
15:38 of 2nd period - Noah Laba wins face-off versus Justin Danforth in Orlando Solar Bears zone.
15:39 of 2nd period - Wrist shot by Adam Klapka.
15:39 of 2nd period - Stopped by Daniel Vladar with a rebound.
15:41 of 2nd period - Slapshot by Tye Kartye.
15:41 of 2nd period - Shot Blocked by Conor Sheary.
15:43 of 2nd period - Wrist shot by Noah Laba.
15:43 of 2nd period - Stopped by Daniel Vladar without a rebound.
15:44 of 2nd period - Noah Laba wins face-off versus Justin Danforth in Orlando Solar Bears zone.
15:44 of 2nd period - Tye Kartye and Conor Sheary fight to a draw.
15:44 of 2nd period - Penalty to Tye Kartye for Fighting.
15:44 of 2nd period - Penalty to Conor Sheary for Fighting.
15:45 of 2nd period - Justin Danforth wins face-off versus Noah Laba in Orlando Solar Bears zone.
15:45 of 2nd period - Justin Danforth is hit by Adam Klapka.
16:11 of 2nd period - Albert Johansson is hit by Vincent Desharnais.
16:32 of 2nd period - Slapshot by Alex Turcotte.
16:32 of 2nd period - Shot Misses the Net.
16:34 of 2nd period - Snap shot by Vincent Desharnais.
16:34 of 2nd period - Deflect By Nikita Grebenkin.
16:34 of 2nd period - Stopped by Cooper Black without a rebound.
16:35 of 2nd period - Noah Laba wins face-off versus Marat Khusnutdinov in Philadelphia Phantoms zone.
17:00 of 2nd period - Samuel Johannesson is hit by Isaak Phillips and loses puck.
17:25 of 2nd period - Martin Pospisil is hit by Nils Aman and loses puck.
17:48 of 2nd period - Off-side.
17:49 of 2nd period - Marat Khusnutdinov wins face-off versus Jacob Quillan in neutral zone.
18:03 of 2nd period - Jacob Quillan and Vincent Desharnais fight to a draw.
18:03 of 2nd period - Penalty to Jacob Quillan for Fighting.
18:03 of 2nd period - Penalty to Vincent Desharnais for Fighting.
18:04 of 2nd period - Rodrigo Abols wins face-off versus Kai Uchacz in Philadelphia Phantoms zone.
18:05 of 2nd period - Slapshot by Justin Danforth.
18:05 of 2nd period - Shot Misses the Net.
18:07 of 2nd period - Slapshot by Ty Nelson.
18:07 of 2nd period - Deflect By Nils Aman.
18:07 of 2nd period - Stopped by Cooper Black without a rebound.
18:08 of 2nd period - Kai Uchacz wins face-off versus Rodrigo Abols in Philadelphia Phantoms zone.
18:13 of 2nd period - Rodrigo Abols is hit by Albert Johansson and loses puck.
19:35 of 2nd period - Samuel Johannesson is hit by Adam Beckman and loses puck.
Goals for this period are 2 for Orlando Solar Bears vs 1 for Philadelphia Phantoms.
Shots for this period are 11 for Orlando Solar Bears vs 13 for Philadelphia Phantoms.

3rd period


0:01 of 3rd period - Justin Danforth wins face-off versus Kai Uchacz in neutral zone.
0:48 of 3rd period - Backhand shot by Samuel Johannesson.
0:48 of 3rd period - Shot Misses the Net.
0:50 of 3rd period - Snap shot by Adam Klapka.
0:50 of 3rd period - Stopped by Daniel Vladar with a rebound.
0:52 of 3rd period - Wrist shot by Noah Laba.
0:52 of 3rd period - Stopped by Daniel Vladar with a rebound.
0:54 of 3rd period - Snap shot by Tyler Kleven.
0:54 of 3rd period - Stopped by Daniel Vladar without a rebound.
0:55 of 3rd period - Noah Laba wins face-off versus Justin Danforth in Orlando Solar Bears zone.
1:11 of 3rd period - Snap shot by Tye Kartye.
1:11 of 3rd period - Stopped by Daniel Vladar without a rebound.
1:12 of 3rd period - Marc Gatcomb wins face-off versus Jesper Boqvist in Orlando Solar Bears zone.
1:23 of 3rd period - Slapshot by Alex Turcotte.
1:23 of 3rd period - Shot Misses the Net.
1:25 of 3rd period - Slapshot by TJ Brodie.
1:25 of 3rd period - Shot Blocked by Anton Johansson.
1:25 of 3rd period - Anton Johansson from Philadelphia Phantoms is injured at 1:25 of 3rd period (Right Hand).
1:26 of 3rd period - Alex Steeves wins face-off versus Justin Danforth in Philadelphia Phantoms zone.
1:51 of 3rd period - Ty Nelson is hit by Noah Laba and loses puck.
1:56 of 3rd period - Wrist shot by Tye Kartye.
1:56 of 3rd period - Shot Misses the Net.
1:58 of 3rd period - Slapshot by Samuel Johannesson.
1:58 of 3rd period - Shot Misses the Net.
2:00 of 3rd period - Slapshot by Adam Klapka.
2:00 of 3rd period - Deflect By Tye Kartye.
2:00 of 3rd period - Shot Misses the Net.
2:00 of 3rd period - Puck is out of play.
2:01 of 3rd period - Kai Uchacz wins face-off versus Jesper Boqvist in Orlando Solar Bears zone.
2:08 of 3rd period - Slapshot by Nils Aman.
2:08 of 3rd period - Shot Blocked by Justin Brazeau.
2:10 of 3rd period - Slapshot by Samuel Johannesson.
2:10 of 3rd period - Deflect By Marc Gatcomb.
2:10 of 3rd period - Goal by Marc Gatcomb - Orlando Solar Bears : 6 - Philadelphia Phantoms : 3.
2:11 of 3rd period - Rodrigo Abols wins face-off versus Alex Steeves in neutral zone.
2:57 of 3rd period - Snap shot by Adam Klapka.
2:57 of 3rd period - Shot Misses the Net.
2:59 of 3rd period - Slapshot by Albert Johansson.
2:59 of 3rd period - Stopped by Daniel Vladar with a rebound.
3:01 of 3rd period - Snap shot by Noah Laba.
3:01 of 3rd period - Stopped by Daniel Vladar without a rebound.
3:02 of 3rd period - Alex Steeves wins face-off versus Marat Khusnutdinov in Orlando Solar Bears zone.
3:03 of 3rd period - Snap shot by Noel Gunler.
3:03 of 3rd period - Stopped by Daniel Vladar without a rebound.
3:04 of 3rd period - Alex Steeves wins face-off versus Justin Danforth in Orlando Solar Bears zone.
3:05 of 3rd period - Snap shot by Jaroslav Chmelar.
3:05 of 3rd period - Shot Misses the Net.
3:07 of 3rd period - Snap shot by Alex Steeves.
3:07 of 3rd period - Shot Blocked by Henry Thrun.
3:09 of 3rd period - Slapshot by Samuel Johannesson.
3:09 of 3rd period - Deflect By Noel Gunler.
3:09 of 3rd period - Goal by Noel Gunler - Orlando Solar Bears : 6 - Philadelphia Phantoms : 4.
3:10 of 3rd period - Kai Uchacz wins face-off versus Justin Danforth in neutral zone.
3:44 of 3rd period - Justin Brazeau is hit by Jaroslav Chmelar and loses puck.
4:54 of 3rd period - Snap shot by Noel Gunler.
4:54 of 3rd period - Stopped by Daniel Vladar with a rebound.
4:56 of 3rd period - Snap shot by Jaroslav Chmelar.
4:56 of 3rd period - Stopped by Daniel Vladar with a rebound.
4:58 of 3rd period - Slapshot by Noel Gunler.
4:58 of 3rd period - Shot Misses the Net.
5:00 of 3rd period - Snap shot by Jaroslav Chmelar.
5:00 of 3rd period - Stopped by Daniel Vladar with a rebound.
5:21 of 3rd period - Snap shot by Michael Carcone.
5:21 of 3rd period - Stopped by Daniel Vladar without a rebound.
5:22 of 3rd period - Noah Laba wins face-off versus Jesper Boqvist in Orlando Solar Bears zone.
6:30 of 3rd period - Alex Steeves is hit by Jesper Boqvist and loses puck.
7:01 of 3rd period - Nils Aman is hit by Marat Khusnutdinov.
7:05 of 3rd period - Marat Khusnutdinov is hit by Kai Uchacz and loses puck.
7:20 of 3rd period - Conor Sheary is hit by Noel Gunler and loses puck.
8:03 of 3rd period - Snap shot by Albert Johansson.
8:03 of 3rd period - Shot Blocked by Spencer Stastney.
8:05 of 3rd period - Backhand shot by Tye Kartye.
8:05 of 3rd period - Stopped by Daniel Vladar with a rebound.
8:07 of 3rd period - Slapshot by Albert Johansson.
8:07 of 3rd period - Shot Blocked by Marat Khusnutdinov.
8:09 of 3rd period - Slapshot by Michael Callahan.
8:09 of 3rd period - Shot Blocked by Henry Thrun.
8:16 of 3rd period - Icing by Adam Beckman.
8:17 of 3rd period - Kai Uchacz wins face-off versus Marat Khusnutdinov in Orlando Solar Bears zone.
8:24 of 3rd period - Snap shot by Jaroslav Chmelar.
8:24 of 3rd period - Stopped by Daniel Vladar without a rebound.
8:25 of 3rd period - Jesper Boqvist wins face-off versus Alex Steeves in Orlando Solar Bears zone.
8:33 of 3rd period - Minor Penalty to Noel Gunler for Roughing.
8:34 of 3rd period - Alex Steeves wins face-off versus Alex Turcotte in Philadelphia Phantoms zone.
8:48 of 3rd period - Snap shot by Alex Turcotte.
8:48 of 3rd period - Stopped by Cooper Black without a rebound.
8:49 of 3rd period - Alex Steeves wins face-off versus Justin Danforth in Philadelphia Phantoms zone.
9:27 of 3rd period - Off-side.
9:28 of 3rd period - Alex Steeves wins face-off versus Jesper Boqvist in neutral zone.
9:31 of 3rd period - Henry Thrun is hit by Alex Steeves and loses puck.
9:53 of 3rd period - Jacob Quillan is hit by Martin Pospisil and loses puck.
10:05 of 3rd period - Off-side.
10:06 of 3rd period - Justin Danforth wins face-off versus Alex Steeves in neutral zone.
10:29 of 3rd period - Snap shot by Justin Brazeau.
10:29 of 3rd period - Stopped by Cooper Black without a rebound.
10:30 of 3rd period - Alex Steeves wins face-off versus Jesper Boqvist in Philadelphia Phantoms zone.
10:33 of 3rd period - Penalty to Noel Gunler is over, Noel Gunler is back on ice.
10:43 of 3rd period - Snap shot by Justin Brazeau.
10:43 of 3rd period - Stopped by Cooper Black with a rebound.
10:45 of 3rd period - Slapshot by Justin Brazeau.
10:45 of 3rd period - Shot Blocked by Albert Johansson.
10:54 of 3rd period - Off-side.
10:55 of 3rd period - Jacob Quillan wins face-off versus Marat Khusnutdinov in neutral zone.
12:21 of 3rd period - Spencer Stastney is hit by Michael Callahan and loses puck.
12:40 of 3rd period - Snap shot by Tye Kartye.
12:40 of 3rd period - Stopped by Daniel Vladar without a rebound.
12:41 of 3rd period - Justin Danforth wins face-off versus Noah Laba in Orlando Solar Bears zone.
12:41 of 3rd period - Justin Danforth is hit by Samuel Johannesson.
12:50 of 3rd period - Icing by Henry Thrun.
12:51 of 3rd period - Alex Steeves wins face-off versus Justin Danforth in Orlando Solar Bears zone.
13:08 of 3rd period - Spencer Stastney is hit by Noel Gunler and loses puck.
13:25 of 3rd period - Snap shot by Tyler Kleven.
13:25 of 3rd period - Deflect By Martin Pospisil.
13:25 of 3rd period - Stopped by Daniel Vladar with a rebound.
13:27 of 3rd period - Wrist shot by Marc Gatcomb.
13:27 of 3rd period - Shot Misses the Net.
13:47 of 3rd period - Snap shot by Jesper Boqvist.
13:47 of 3rd period - Shot Misses the Net.
14:57 of 3rd period - Snap shot by Marc Gatcomb.
14:57 of 3rd period - Stopped by Daniel Vladar with a rebound.
15:11 of 3rd period - Snap shot by Nikolai Kovalenko.
15:11 of 3rd period - Shot Blocked by Isaak Phillips.
15:19 of 3rd period - Snap shot by Justin Brazeau.
15:19 of 3rd period - Shot Misses the Net.
15:23 of 3rd period - Wrist shot by Alex Turcotte.
15:23 of 3rd period - Deflect By Jesper Boqvist.
15:23 of 3rd period - Stopped by Cooper Black with a rebound.
15:25 of 3rd period - Slapshot by Ty Nelson.
15:25 of 3rd period - Shot Misses the Net.
15:27 of 3rd period - Snap shot by Isaak Phillips.
15:27 of 3rd period - Stopped by Cooper Black with a rebound.
15:33 of 3rd period - Snap shot by Jesper Boqvist.
15:33 of 3rd period - Stopped by Cooper Black without a rebound.
15:34 of 3rd period - Justin Danforth wins face-off versus Kai Uchacz in Philadelphia Phantoms zone.
15:43 of 3rd period - Snap shot by Justin Danforth.
15:43 of 3rd period - Shot Blocked by Marc Gatcomb.
15:45 of 3rd period - Snap shot by Henry Thrun.
15:45 of 3rd period - Stopped by Cooper Black with a rebound.
15:47 of 3rd period - Slapshot by Spencer Stastney.
15:47 of 3rd period - Stopped by Cooper Black with a rebound.
15:49 of 3rd period - Snap shot by Justin Sourdif.
15:49 of 3rd period - Deflect By Justin Danforth.
15:49 of 3rd period - Shot Misses the Net.
15:49 of 3rd period - Puck is out of play.
15:50 of 3rd period - Noah Laba wins face-off versus Martin Pospisil in Philadelphia Phantoms zone.
15:52 of 3rd period - Minor Penalty to Adam Klapka for Hooking.
15:53 of 3rd period - Tye Kartye wins face-off versus Justin Danforth in Philadelphia Phantoms zone.
16:07 of 3rd period - Snap shot by Conor Sheary.
16:07 of 3rd period - Stopped by Cooper Black with a rebound.
16:09 of 3rd period - Snap shot by Martin Pospisil.
16:09 of 3rd period - Shot Misses the Net.
16:19 of 3rd period - Justin Brazeau is hit by Samuel Johannesson and loses puck.
17:52 of 3rd period - Penalty to Adam Klapka is over, Adam Klapka is back on ice.
18:19 of 3rd period - Icing by Nils Aman.
18:20 of 3rd period - Alex Steeves wins face-off versus Jesper Boqvist in Philadelphia Phantoms zone.
18:25 of 3rd period - Rodrigo Abols is hit by Alex Steeves.
18:43 of 3rd period - Snap shot by Nikolai Kovalenko.
18:43 of 3rd period - Stopped by Daniel Vladar with a rebound.
18:55 of 3rd period - Snap shot by Alex Steeves.
18:55 of 3rd period - Shot Blocked by Vincent Desharnais.
19:45 of 3rd period - Jaroslav Chmelar is hit by Justin Danforth and loses puck.
Goals for this period are 0 for Orlando Solar Bears vs 2 for Philadelphia Phantoms.
Shots for this period are 9 for Orlando Solar Bears vs 19 for Philadelphia Phantoms.